 Dungeon Crawl Stone Soup version 0.19-a0-905-ge5e6a15 (webtiles) character file.

258 incide the Cutter (level 5, -5/31 HPs)
             Began as a High Elf Wanderer on July 5, 2016.
             Slain by an ogre
             ... wielding a +0 giant spiked club
              (17 damage)
             ... on level 4 of the Dungeon.
             The game lasted 00:13:01 (3702 turns).

incide the Cutter (High Elf Wanderer)               Turns: 3702, Time: 00:13:01

Health: -5/31      AC:  3    Str:  9    XL:     5   Next: 94%
Magic:  5/7        EV: 14    Int: 15    God:
Gold:   216        SH:  0    Dex: 18    Spells: 2 memorised, 3 levels left

rFire  . . .     SeeInvis .     a - +2 dagger (venom)
rCold  . . .     Gourm    .     d - +0 robe
rNeg   . . .     Faith    .     (no shield)
rPois  .         Spirit   .     u - +0 helmet
rElec  .         Dismiss  .     (no cloak)
rCorr  .         Reflect  .     (no gloves)
SustAt .         Harm     .     (no boots)
MR     .....                    (no amulet)
Stlth  +++.......               (no ring)
                                p - +3 ring of evasion

@: very slightly contaminated, drained, not resistant to hostile enchantments,
fairly stealthy
A: no striking features
a: no special abilities


You were on level 4 of the Dungeon.
You were not hungry.

You visited 1 branch of the dungeon, and saw 4 of its levels.

You collected 216 gold pieces.

Inventory:

Hand Weapons
 a - a +2 dagger of venom (weapon)
 s - a +1 falchion of distortion {!w}
 v - a cursed -2 long sword
 y - a cursed -1 scimitar
Missiles
 j - 8 poisoned needles
 n - 11 tomahawks (quivered)
Armour
 d - a +0 robe (worn)
 u - a +0 helmet (worn)
Jewellery
 p - a +3 ring of evasion (left hand)
Scrolls
 g - a scroll of teleportation {unknown}
 k - a scroll of fog {unknown}
 l - a scroll of noise {unknown}
 m - a scroll of fear {unknown}
 r - 4 scrolls of identify {unknown}
 w - a scroll of amnesia {unknown}
Potions
 c - 3 potions of curing
 i - a potion of flight {unknown}
 o - 2 potions of haste {unknown}
Books
 b - the Guide on Shape Shifting

   Spells                             Type                      Level
   a - Beastly Appendage              Transmutation                1
   b - Ignite Poison                  Fire/Transmutation/Poison    3
 e - a Grand Grimoire

   Spells                             Type                      Level
   a - Monstrous Menagerie            Summoning                    7
   b - Summon Greater Demon           Summoning                    7
   c - Malign Gateway                 Summoning/Translocation      7
   d - Summon Horrible Things         Summoning                    8
 h - a book of Maledictions

   Spells                             Type                      Level
   a - Corona                         Hexes                        1
   b - Ensorcelled Hibernation        Hexes/Ice                    2
   c - Confuse                        Hexes                        3
   d - Tukima's Dance                 Hexes                        3
   e - Dazzling Spray                 Conjuration/Hexes            3
Comestibles
 f - 3 bread rations
 q - a meat ration
 t - 4 fruits
 x - 6 chunks of flesh {@w1}


   Skills:
 + Level 5.2(4.7) Short Blades
 - Level 2.6(2.2) Armour
 - Level 4.3(3.8) Stealth
 - Level 1.2(0.7) Spellcasting
 - Level 4.0(3.5) Hexes
   Level 2.0(1.5) Evocations


You had 3 spell levels left.
You knew the following spells:

 Your Spells              Type           Power        Failure   Level  Hunger
a - Corona                Hex            ##.....      8%          1    ##.....
b - Ensorcelled Hibernat  Hex/Ice        #.....       21%         2    ###....


Dungeon Overview and Level Annotations

Branches:
Dungeon (4/15)
 Temple: D:4-7

Altars:

Shops:
D:4 [


Message History

You see here an iguana corpse.
You butcher the iguana corpse.
x - 6 chunks of flesh {@w1} (gained 3)
You see here an iguana skeleton.
You see here a glowing scimitar.
y - a glowing scimitar The ogre shouts!
The ogre hits you with a giant spiked club!!
Ouch! That really hurt!
Casting: Ensorcelled Hibernation
Confirm with . or Enter, or press ? or * to list all spells.
Aiming: Ensorcelled Hibernation
Press: ? - help, Shift-Dir - straight line, f - ogre
Aim: an ogre, wielding a giant spiked club (chance to defeat MR: 37%)
You miscast Ensorcelled Hibernation.
You are very lightly contaminated with residual magic.
Frost spreads across the the floor.
The ogre hits you with a giant spiked club!
Ouch! That really hurt!
You die...

..## .....# ..# #..#..#..
#.# #.....#.#
###.####.##..#.#
#.....##.....#.#
#.....##..##.#.######
#......#..##........#
##........##..........
#..........@O#........
..###......#..####.....##.
#.#........##.###...##.#
#......#+#.#รท....%..# ..
##..#.)+ +..........# ##
##......#+#..#.>......
....#.................
..#.##.....####........
.................#...


You could see an ogre.

Vanquished Creatures
  2 orc wizards (D:3)
  An iguana (D:4)
  A worker ant (D:4)
  Robin (D:3)
  3 adders
  An ooze (D:3)
  2 worms (D:2)
  2 giant geckos (D:1)
  11 orcs
  3 giant cockroaches
  17 goblins
  13 hobgoblins
  2 quokkas (D:2)
  2 ball pythons
  5 bats
  6 giant newts
  A jackal skeleton (D:4)
  7 kobolds
  10 rats
90 creatures vanquished.

Notes
Turn   | Place    | Note
-------+----------+-------------------------------------------
     0 | D:1      | incide the High Elf Wanderer began the quest for the Orb.
     0 | D:1      | incide set off with: a book of Maledictions, the Guide on Shape Shifting, a potion of curing, a +0 robe, a +0 dagger, a bread ration
     0 | D:1      | Reached XP level 1. HP: 11/11 MP: 3/3
     0 | D:1      | Identified the Guide on Shape Shifting
     2 | D:1      | Learned a level 1 spell: Corona
    61 | D:1      | Reached skill level 1 in Stealth
   295 | D:1      | Reached XP level 2. HP: 13/17 MP: 2/4
   317 | D:1      | Learned a level 2 spell: Ensorcelled Hibernation
   445 | D:1      | Reached skill level 2 in Stealth
  1324 | D:1      | Reached skill level 3 in Stealth
  1336 | D:1      | Reached XP level 3. HP: 21/21 MP: 5/5
  1809 | D:2      | Reached skill level 1 in Short Blades
  2186 | D:2      | Reached skill level 4 in Stealth
  2463 | D:3      | Reached XP level 4. HP: 27/27 MP: 3/6
  2724 | D:3      | Noticed Robin
  2736 | D:3      | Killed Robin
  2765 | D:3      | Reached skill level 2 in Short Blades
  2913 | D:3      | Reached skill level 3 in Short Blades
  2913 | D:3      | Reached XP level 5. HP: 13/31 MP: 0/7
  3173 | D:3      | Reached skill level 4 in Short Blades
  3568 | D:4      | Found Megecocyth's Armour Shop.
  3665 | D:4      | Noticed an ogre
  3675 | D:4      | Reached skill level 5 in Short Blades
  3702 | D:4      | Slain by an ogre

Vault maps used:
D:1:      shiori_shiawase, st_stairs_1
D:3:      first_bread, uniq_robin
D:4:      minmay_wonky_spiral, xom_teletrap_fun, nicolae_ru_path_of_blood,
          gammafunk_temple_overflow_wave, kennysheep_mini, serial_shops,
          kennysheep_mini_moat

Skill      XL: |  1  2  3  4  5 |
---------------+----------------+-----
Stealth        | 1 3 4 |  4.3
Short Blades   | 1 3 5 |  5.2
Armour         | |  2.6
Spellcasting   | |  1.2
Hexes          | |  4.0
Evocations     | |  2.0

Action                   |  1- 3 |  4- 6 || total
-------------------------+-------+-------++-------
Melee: Dagger            |   103 |   113 ||   216
 Cast: Corona            |    10 |     1 ||    11
       Ensorcelled Hiber |    14 |    14 ||    28
 Stab: Sleeping          |    19 |    13 ||    32
       Distracted        |     1 |       ||     1
  Eat: Chunk             |     6 |     7 ||    13
Armor: Robe              |    11 |    10 ||    21
Dodge: Dodged            |    53 |    68 ||   121
